 Dungeon Sprint DCSS version 0.17-a0-1719-g1afd5a1 (webtiles) character file.

3400000 ztt the Plane Walker (level 24, -29/249 HPs)
             Began as a Ghoul Warper on Aug 27, 2015.
             Was the Champion of Makhleb.
             Annihilated by a destroyer
             ... wielding a +9 great sword of slicing
              (173 damage)
             ... in the Dungeon (Sprint VIII: "Arena of Blood").
             The game lasted 00:00:56 (34 turns).

ztt the Plane Walker (Ghoul Warper)                   Turns: 34, Time: 00:00:57

Health: -29/249    AC:  6    Str: 18    XL:     24   Next: 24%
Magic:  9/53       EV: 31    Int:  8    God:    Makhleb [******]
Gold:   0          SH:  0    Dex: 16    Spells: 1 memorised, 76 levels left

rFire  . . .     SeeInvis .     l - +∞ Axe of Woe
rCold  + . .     Clarity  .     b - +0 leather armour
rNeg   + + +     SustAt   .     (no shield)
rPois  ∞         Gourm    .     (no helmet)
rElec  .         Spirit   .     (no cloak)
rCorr  .         Warding  .     (no gloves)
rMut   .         NoTele   +     (no boots)
MR     +....                    (no amulet)
Stlth  +++++++++.               (no ring)
                                (no ring)

@: rotting, somewhat resistant to hostile enchantments, incredibly stealthy
A: rotting body, claws 1, carnivore 3, cold resistance 1, negative energy
resistance 3, slow healing 1, torment resistance, unbreathing
a: Minor Destruction, Lesser Servant of Makhleb, Major Destruction, Greater
Servant of Makhleb, Renounce Religion


You were in the Dungeon.
You worshipped Makhleb.
Makhleb was exalted by your worship.
You were not hungry.

You visited 1 branch

Inventory:

Hand weapons
 a - a +0 hand axe
 l - the +∞ Axe of Woe (weapon)
   (You found it in the Dungeon)
Missiles
 e - 5 tomahawks of dispersal (quivered)
Armour
 b - a +0 leather armour (worn)
Jewellery
 m - an uncursed ring of see invisible
Scrolls
 d - 2 scrolls of blinking
Potions
 g - a potion of curing
 h - a potion of heal wounds
 i - a potion of haste
 j - 2 potions of magic
 k - a potion of berserk rage
Books
 c - a book of Spatial Translocations

   Spells                             Type                      Level
   a - Apportation                    Translocation                1
   b - Blink                          Translocation                2
   c - Shroud of Golubria             Charms/Translocation         2
   d - Portal Projectile              Translocation                3
   e - Teleport Other                 Translocation                3
   f - Passage of Golubria            Translocation                4
Comestibles
 f - a meat ration


   Skills:
 O Level 27 Fighting
 O Level 27 Axes
 O Level 27 Throwing
 O Level 27 Armour
 O Level 27 Dodging
 O Level 27 Stealth
 + Level 25.3 Unarmed Combat
 O Level 27 Spellcasting
 O Level 27 Translocations
 + Level 25.2 Invocations


You had 76 spell levels left.
You knew the following spells:

 Your Spells              Type           Power        Failure   Level  Hunger
a - Apportation           Tloc           ######....   0%          1    None


Dungeon Overview and Level Annotations

Branches:
Dungeon (1/1)

Altars:
Makhleb

Annotations:
D The Servant


Innate Abilities, Weirdness & Mutations

Your body is rotting away.
You thrive on raw meat.
You are immune to poison.
You have sharp fingernails.
You are carnivorous and can eat meat at any time.
Your flesh is cold resistant.
You are immune to negative energy.
You heal slowly when monsters are visible.
You are immune to unholy pain and torment.
You can survive without breathing.


Message History

Makhleb accepts your kill.
You feel better.
You have mastered Stealth!
Your Unarmed Combat skill gained 3 levels and is now at level 25!
Your Invocations skill gained 3 levels and is now at level 25!
You have reached level 24!
Your experience leads to an increase in your attributes!
Increase (S)trength, (I)ntelligence, or (D)exterity?
You feel agile.
You are engulfed in roaring flames.
You hear a shout! x8
The meat berserker rages. 3 orcs come into view.
A destroyer comes into view.
It is wielding a +9 great sword of slicing.
You hear a shout!
The eight-headed meat hydra is engulfed in roaring flames.
The destroyer is engulfed in roaring flames.
The destroyer hits you with a +9 great sword of slicing!!!!!
Ouch! That really hurt!
You die...

.#......)._.......
......)).###..V...
...###.))%.%.###.
....#))...o.#.%.
..O.#)%)....#...
.......)%)......
.......).).o..o.
...%...%.o..o...#
...o.@.o@§D§.o##.
....#..V§§§o.#...
........)§§§.# ..
..##.#%.....D..o .
...o..........
#....#.....####
.o.z..%......
.......%%.....
...........%..


You could see The Servant, 2 eight-headed meat hydras, 2 destroyers, a meat
berserker (berserk) and 11 bags of meat.

Vanquished Creatures
  2 vampire knights (D)
  9 ogres (D)
  21 orcs (D)
  2 hill giants (D)
34 creatures vanquished.

Notes
Turn   | Place    | Note
--------------------------------------------------------------
     0 | D        | ztt the Ghoul Warper began the quest for the Orb.
     0 | D        | Reached XP level 1. HP: 17/17 MP: 2/2
     3 | D        | Noticed a bag of meat
     4 | D        | Noticed a bag of meat
     4 | D        | Became a worshipper of Makhleb the Destroyer
     5 | D        | Noticed a meat berserker
     6 | D        | Killed a meat berserker
     6 | D        | Reached skill level 13 in Fighting
     6 | D        | Reached skill level 20 in Translocations
     6 | D        | Reached XP level 2. HP: 20/44 MP: 2/14
     6 | D        | Reached XP level 3. HP: 22/50 MP: 2/15
     6 | D        | Reached XP level 4. HP: 25/58 MP: 2/17
     6 | D        | Reached XP level 5. HP: 27/64 MP: 2/18
     6 | D        | Reached XP level 6. HP: 30/72 MP: 2/20
     6 | D        | Reached XP level 7. HP: 32/79 MP: 2/21
     6 | D        | Reached XP level 8. HP: 34/86 MP: 2/23
     6 | D        | Reached XP level 9. HP: 36/93 MP: 2/24
     6 | D        | Reached XP level 10. HP: 39/101 MP: 2/25
     6 | D        | Reached XP level 11. HP: 41/107 MP: 2/26
     6 | D        | Reached XP level 12. HP: 44/115 MP: 2/27
     6 | D        | Reached XP level 13. HP: 46/122 MP: 2/28
     7 | D        | Killed a bag of meat
     7 | D        | Acquired Makhleb's first power
     7 | D        | Reached skill level 21 in Translocations
     7 | D        | Reached XP level 14. HP: 48/133 MP: 2/30
     8 | D        | Killed a bag of meat
     8 | D        | Reached skill level 15 in Fighting
     8 | D        | Reached skill level 23 in Translocations
     9 | D        | Noticed a bag of meat
     9 | D        | Noticed a bag of meat
     9 | D        | Noticed a bag of meat
     9 | D        | Noticed a bag of meat
     9 | D        | Noticed a bag of meat
     9 | D        | Noticed a meat berserker
    10 | D        | Noticed a bag of meat
    10 | D        | Noticed a bag of meat
    10 | D        | Noticed a bag of meat
    10 | D        | Noticed a bag of meat
    10 | D        | Killed a bag of meat
    10 | D        | Acquired Makhleb's second power
    10 | D        | Reached skill level 24 in Translocations
    10 | D        | Reached XP level 15. HP: 106/144 MP: 3/32
    10 | D        | Noticed a bag of meat
    11 | D        | Noticed a bag of meat
    11 | D        | Killed a meat berserker
    11 | D        | Reached skill level 15 in Axes
    11 | D        | Reached skill level 15 in Spellcasting
    11 | D        | Reached skill level 26 in Translocations
    11 | D        | Reached XP level 16. HP: 111/157 MP: 3/34
    12 | D        | Noticed a bag of meat
    12 | D        | Noticed a bag of meat
    12 | D        | Noticed a bag of meat
    13 | D        | Noticed a bag of meat
    13 | D        | Killed a bag of meat
    13 | D        | Acquired Makhleb's third power
    13 | D        | Reached skill level 15 in Dodging
    13 | D        | Killed a bag of meat
    13 | D        | Reached skill level 5 in Throwing
    13 | D        | Reached skill level 27 in Translocations
    13 | D        | Killed a bag of meat
    13 | D        | Reached skill level 5 in Armour
    13 | D        | Reached XP level 17. HP: 167/172 MP: 4/38
    14 | D        | Killed a bag of meat
    14 | D        | Acquired Makhleb's fourth power
    14 | D        | Killed a bag of meat
    14 | D        | Killed a bag of meat
    14 | D        | Reached XP level 18. HP: 185/188 MP: 4/41
    15 | D        | Noticed a meat berserker
    15 | D        | Noticed a meat berserker
    15 | D        | Noticed a bag of meat
    15 | D        | Killed a bag of meat
    15 | D        | Killed a bag of meat
    15 | D        | Acquired Makhleb's fifth power
    16 | D        | Noticed a meat berserker
    16 | D        | Killed a bag of meat
    16 | D        | Killed a bag of meat
    16 | D        | Reached XP level 19. HP: 201/204 MP: 4/43
    16 | D        | Killed a bag of meat
    17 | D        | Noticed a bag of meat
    17 | D        | Noticed a bag of meat
    18 | D        | Noticed a bag of meat
    18 | D        | Killed a bag of meat
    18 | D        | Reached skill level 27 in Fighting
    18 | D        | Killed a bag of meat
    18 | D        | Reached skill level 27 in Axes
    18 | D        | Reached skill level 10 in Armour
    18 | D        | Killed a meat berserker
    18 | D        | Reached XP level 20. HP: 216/216 MP: 5/48
    20 | D        | Noticed a destroyer
    21 | D        | Noticed a meat berserker
    21 | D        | Killed a bag of meat
    23 | D        | Noticed a bag of meat
    23 | D        | Killed a bag of meat
    23 | D        | Reached skill level 27 in Spellcasting
    23 | D        | Killed a meat berserker
    23 | D        | Reached skill level 15 in Throwing
    23 | D        | Reached skill level 27 in Dodging
    23 | D        | Killed a destroyer
    23 | D        | Reached XP level 21. HP: 151/224 MP: 6/51
    24 | D        | Noticed a meat berserker
    24 | D        | Killed a meat berserker
    25 | D        | Noticed a large bag of meat
    25 | D        | Noticed a large bag of meat
    25 | D        | Noticed a meat berserker
    25 | D        | Killed a bag of meat
    25 | D        | Reached XP level 22. HP: 233/233 MP: 7/52
    25 | D        | Killed a meat berserker
    25 | D        | Reached skill level 27 in Armour
    26 | D        | Noticed a meat berserker
    26 | D        | Noticed a bag of meat
    27 | D        | Noticed a destroyer
    28 | D        | Noticed a bag of meat
    28 | D        | Noticed an eight-headed meat hydra
    29 | D        | Noticed a bag of meat
    29 | D        | Noticed a bag of meat
    29 | D        | Noticed a bag of meat
    29 | D        | Killed a meat berserker
    29 | D        | Reached skill level 27 in Throwing
    30 | D        | Killed a large bag of meat
    30 | D        | Killed a bag of meat
    30 | D        | Reached XP level 23. HP: 227/240 MP: 8/53
    30 | D        | Killed a meat berserker
    30 | D        | Killed a bag of meat
    31 | D        | Noticed an eight-headed meat hydra
    31 | D        | Noticed a destroyer
    31 | D        | Noticed The Servant
    32 | D        | Noticed a bag of meat
    32 | D        | HP: 12/240 [destroyer/+9 great sword of slicing (47)]
    33 | D        | Noticed a meat berserker
    33 | D        | Noticed a bag of meat
    33 | D        | Noticed a bag of meat
    33 | D        | Noticed a sculptor of flesh
    33 | D        | Killed a meat berserker
    33 | D        | Killed a large bag of meat
    33 | D        | Killed a destroyer
    33 | D        | Reached skill level 27 in Stealth
    33 | D        | Reached XP level 24. HP: 153/249 MP: 8/53
    34 | D        | Noticed a bag of meat
    34 | D        | Noticed a bag of meat
    34 | D        | Noticed a bag of meat
    34 | D        | Noticed a destroyer
    34 | D        | Annihilated by a destroyer

Vault maps used:
D:        meatsprint

Action                   |  1- 3 |  4- 6 |  7- 9 | 10-12 | 13-15 | 16-18 | 19-21 | 22-24 || total
-------------------------+-------+-------+-------+-------+-------+-------+-------+-------++-------
Melee: Executioner's axe |     1 |       |       |       |     4 |     4 |     5 |     3 ||    17
 Cast: Apportation       |       |       |       |       |       |       |       |     1 ||     1
